 Dungeon Crawl Stone Soup version 0.32-a0-675-gdc239d62e1 (webtiles) character file.

Game seed: 14927264534214299653

96 senseless the Slasher (level 4, -2/37 HPs)
             Began as a Coglin Berserker on Mar 11, 2024.
             Was a Believer of Trog.
             Incinerated by a bombardier beetle (4 damage)
             ... with a burning spray
             ... on level 3 of the Dungeon.
             The game lasted 00:02:16 (1555 turns).

senseless the Slasher (Coglin Berserker)            Turns: 1555, Time: 00:02:17

Health: -2/37      AC:  6    Str: 18    XL:     4   Next: 67%
Magic:  4/4        EV: 11    Int:  6    God:    Trog [**....]
Gold:   95         SH:  0    Dex: 15    Spells: 3/3 levels left

rFire   . . .        a - +0 falchion {Hayata}
rCold   . . .        c - +0 dagger {Wei}
rNeg    . . .        f - +0 ring mail
rPois   .            (no helmet)
rElec   .            (no cloak)
rCorr   .            (no gloves)
SInv    .            i - +0 pair of boots
Will    .....        (amulet unavailable)
Stlth   +            (ring unavailable)
HPRegen 0.26/turn    (ring unavailable)
MPRegen 0.09/turn    (no gizmo)

%: no passive effects
@: on fire, on berserk cooldown, glowing, revving
A: off-hand wielding, slow wielding, warmup strikes, no jewellery
a: Invent Gizmo, Renounce Religion, Berserk, Trog's Hand


You were on level 3 of the Dungeon.
You worshipped Trog.
Trog was pleased with you.
You visited 1 branch of the dungeon, and saw 3 of its levels.

You collected 95 gold pieces.

Inventory:

Hand Weapons
 a - a +0 falchion (weapon) {Hayata}
 c - a +0 dagger (offhand) {Wei}
Armour
 f - a +0 ring mail (worn)
 i - a +0 pair of boots (worn)
Scrolls
 b - 2 scrolls of identify {unknown}
 d - a scroll of teleportation {unknown}
 g - a scroll of vulnerability {unknown}
Potions
 j - a potion of cancellation {unknown}


   Skills:
 * Level 3.7 Fighting
 * Level 3.8 Long Blades
 + Level 2.3 Armour
 * Level 2.7 Dodging


You had 3 spell levels left.
You didn't know any spells.
Your spell library contained the following spells:

 Spells                   Type           Power      Damage    Failure   Level
 Summon Ice Beast         Ice/Summ       0%         N/A       95%         3
 Summon Mana Viper        Hex/Summ       0%         N/A       100%        5
 Monstrous Menagerie      Summ           0%         N/A       100%        7


Dungeon Overview and Level Annotations

Branches:
Dungeon (3/15)

Altars:
Gozag


Innate Abilities, Weirdness & Mutations

You can wield a second weapon in your off-hand.
It takes a long time for you to wield or remove held weapons.
Your first few attacks do less damage.
You cannot equip rings or amulets.


Message History

You are exhausted.
You feel as though you will be slow longer.
You start resting.
You flicker for a moment.
You flicker back into view.
A bombardier beetle comes into view.
You start resting.
A bombardier beetle is nearby!
You start resting.
A bombardier beetle is nearby!
The bombardier beetle bites you but does no damage.
You closely miss the bombardier beetle with your +0 falchion.
You hit the bombardier beetle with your +0 dagger.
You feel yourself speed up.
The bombardier beetle sprays incendiary fluid at you.
The burning spray hits you.
You are covered in liquid fire!
You hit the bombardier beetle but do no damage.
The bombardier beetle is lightly wounded.
You hit the bombardier beetle with your +0 falchion.
The liquid fire burns you!
You barely miss the bombardier beetle with your +0 dagger.
The bombardier beetle is moderately wounded.
You hit the bombardier beetle with your +0 falchion.
The liquid fire burns you!
The bombardier beetle sprays incendiary fluid at you.
The burning spray hits you.
You are even more covered in liquid fire!
You hit the bombardier beetle but do no damage.
The bombardier beetle is severely wounded.
You hit the bombardier beetle with your +0 falchion.
The liquid fire burns you!
* * * LOW HITPOINT WARNING * * *
The bombardier beetle bites you but does no damage.
You shake off some of the fire as you move.
The liquid fire burns you!
* * * LOW HITPOINT WARNING * * *
You shake off some of the fire as you move.
The liquid fire burns you!
You die...

#......## #.#
#..##### #.# ... ..#
#.# . # #.# #.# ..
#..###.####.# ###.#.
#......B....##......
#..###.####.#.......
#.# #..)# #@# #....#
#.# #..#.B... #.#
#..##...# #.. ....
._... #.. ###.##
..## #..# #.# ..#
...# #.. #.. ####


You could see a bombardier beetle.

Vanquished Creatures
  Natasha (twice) (D:3)
  An adder (D:2)
  8 bats
  4 endoplasms (D:1)
  2 giant cockroaches (D:1)
  3 goblins (D:1)
  A hobgoblin (D:1)
  5 kobolds
  3 quokkas (D:1)
  A ball python (D:2)
  4 frilled lizards
  5 rats
39 creatures vanquished.

Notes
Turn   | Place    | Note
-------+----------+-------------------------------------------
     0 | D:1      | senseless the Coglin Berserker began the quest for the Orb.
     0 | D:1      | Reached XP level 1. HP: 18/18 MP: 1/1
    85 | D:1      | Reached XP level 2. HP: 24/24 MP: 2/2
   399 | D:1      | Reached ** piety under Trog
   403 | D:1      | Reached XP level 3. HP: 26/29 MP: 3/3
   837 | D:2      | Found a faded altar of an unknown god.
  1384 | D:3      | Noticed Natasha
  1387 | D:3      | Killed Natasha
  1388 | D:3      | Reached XP level 4. HP: 25/35 MP: 4/4
  1493 | D:3      | Found an opulent altar of Gozag.
  1494 | D:3      | Noticed Natasha
  1509 | D:3      | Killed Natasha
  1554 | D:3      | HP: 1/37 [burnt (6)]
  1555 | D:3      | Incinerated by a bombardier beetle

Illustrated notes

Levels and vault maps discovered:
D:1:      dpeg_arrival_fog, layout_basic
D:2:      layout_loops_cross, shapermc_ecumenical_altar_notcrosses
D:3:      layout_loops_ring, mainiacjoe_overflow_small_starburst,
          nicolae_the_louvre, uniq_terence, uniq_natasha

Skill      XL: |  1  2 |
---------------+-------+-----
Dodging        | 2 |  2.7
Armour         | 2 |  2.3
Fighting       | |  3.7
Long Blades    | |  3.8

Action                     |  1- 3 |  4- 6 || total
---------------------------+-------+-------++-------
  Melee: Falchion          |    64 |    23 ||    87
         Dagger            |    56 |    20 ||    76
    Use: Potion            |       |     2 ||     2
   Stab: Sleeping          |     2 |       ||     2
         Invisible         |       |     1 ||     1
 Armour: Animal skin       |    36 |       ||    36
         Ring mail         |     5 |    44 ||    49
  Dodge: Dodged            |    60 |    39 ||    99

Table legend: (Time is in decaauts)
 A = Elapsed time spent in this place.
 B = Non-inter-level travel time spent in this place.
 C = Inter-level travel time spent in this place.
 D = Time resting spent in this place.
 E = Time spent auto-exploring this place.
 F = Levels seen in this place.
 G = Mean time per level.
                   A        B        C        D        E       F      G
               +--------+--------+--------+--------+--------+-----+--------+
         Total |   1574 |   1548 |     26 |     12 |   1291 |   3 |  524.7 |
       Dungeon |   1574 |   1548 |     26 |     12 |   1291 |   3 |  524.7 |
               +--------+--------+--------+--------+--------+-----+--------+

Top non-repeatable levels by time:
     D:1: 753 daAuts
     D:2: 623 daAuts
     D:3: 198 daAuts
